 Dungeon Crawl Stone Soup version 0.29.1-2-gbd0b4ee654 (webtiles) character file.

Game seed: 15015052246654031310

92 styxcanada the Sneak (level 4, 0/23 HPs)
             Began as a Spriggan Brigand on Nov 6, 2022.
             Slain by Grinder (8 damage)
             ... on level 3 of the Dungeon.
             The game lasted 00:09:01 (2238 turns).

styxcanada the Sneak (Spriggan Brigand)             Turns: 2238, Time: 00:09:01

Health: 0/23       AC:  3    Str:  7    XL:     4   Next: 35%
Magic:  5/5        EV: 17    Int: 12    God:
Gold:   74         SH:  0    Dex: 24    Spells: 3/3 levels left

rFire   . . .      SeeInvis +   a - +2 dagger
rCold   + . .      Faith    .   (no shield)
rNeg    . . .      Spirit   .   u - +0 robe {rC+}
rPois   .          Reflect  .   (helmet restricted)
rElec   .          Harm     .   c - +0 cloak
rCorr   .          Rampage  .   (gloves unavailable)
Will    .....                   (boots unavailable)
Stlth   ++++......              (no amulet)
HPRegen 0.07/turn               p - +6 ring of dexterity
MPRegen 0.09/turn               (no ring)

@: very quick
A: very small, no large weapons, unfitting armour, see invisible, speed 3
a: no special abilities


You were on level 3 of the Dungeon.
You visited 1 branch of the dungeon, and saw 3 of its levels.

You collected 74 gold pieces.

Inventory:

Hand Weapons
 a - a +2 dagger (weapon)
 f - a +0 sling
 q - a +3 mace
Missiles
 d - 2 poisoned darts (quivered)
 e - 3 curare-tipped darts
 k - 32 stones
Armour
 c - a +0 cloak (worn)
 u - a +0 robe of cold resistance (worn)
Jewellery
 p - a +6 ring of dexterity (left hand)
Scrolls
 b - a scroll of blinking {unknown}
 g - a scroll of teleportation
 h - 2 scrolls of identify {unknown}
 j - a scroll of immolation {unknown}
 l - a scroll of noise {unknown}
 m - a scroll of brand weapon {unknown}
 n - a scroll of butterflies {unknown}
 o - a scroll of poison {unknown}
 r - a scroll of torment {unknown}
 s - a scroll of fear {unknown}
 v - a scroll of magic mapping {unknown}
Potions
 i - a potion of heal wounds
 t - a potion of brilliance {unknown}


   Skills:
 * Level 2.0 Fighting
 + Level 2.7 Short Blades
 + Level 2.1 Throwing
 * Level 2.0 Dodging
 * Level 7.9 Stealth


You had 3 spell levels left.
You didn't know any spells.
Your spell library contained the following spells:

 Spells                   Type           Power      Damage    Failure   Level
 Ensorcelled Hibernation  Hex/Ice        0%         N/A       45%         2
 Portal Projectile        Hex/Tloc       0%         N/A       69%         3
 Spider Form              Tmut/Pois      0%         N/A       69%         3
 Tukima's Dance           Hex            0%         N/A       69%         3
 Anguish                  Hex/Necr       0%         N/A       97%         4
 Blade Hands              Tmut           0%         N/A       100%        5


Dungeon Overview and Level Annotations

Branches:
Dungeon (3/15)

Altars:
Zin

Annotations:
D:3 Grinder


Innate Abilities, Weirdness & Mutations

You are very small and have problems with some larger weapons.
You are too small for most types of armour.
You have supernaturally acute eyesight. (SInv)
You cover ground extremely quickly. (Speed+++)


Message History

Throw: 8 darts (poison)
Press: ? - help, Q - select action, (/) - cycle Shift-Dir - straight line, f - Grinder
Aim: Grinder (63% to hit)
You throw a poisoned dart. The poisoned dart hits Grinder.
Grinder gestures at you.
You struggle to resist.
Throw: 7 darts (poison)
Press: ? - help, Q - select action, (/) - cycle Shift-Dir - straight line, f/p - Grinder
Aim: Grinder (63% to hit)
You throw a poisoned dart.
The poisoned dart closely misses Grinder.
The poisoned dart closely misses the orc wizard.
Throw: 6 darts (poison)
Press: ? - help, Q - select action, (/) - cycle Shift-Dir - straight line, f/p - Grinder
Aim: Grinder (63% to hit)
You throw a poisoned dart.
The poisoned dart closely misses Grinder.
The poisoned dart hits the orc wizard.
The orc wizard is poisoned.
Throw: 5 darts (poison)
Press: ? - help, Q - select action, (/) - cycle Shift-Dir - straight line, f/p - Grinder
Aim: Grinder (63% to hit)
You throw a poisoned dart. The poisoned dart hits Grinder.
Grinder completely misses you.
Unknown command.
Unknown command.
Throw: 4 darts (poison)
Press: ? - help, Q - select action, (/) - cycle Shift-Dir - straight line, f/p - Grinder
Aim: Grinder (63% to hit)
You throw a poisoned dart. The poisoned dart hits Grinder.
Grinder gestures at you. You resist with some effort.
Throw: 3 darts (poison)
Press: ? - help, Q - select action, (/) - cycle Shift-Dir - straight line, f/p - Grinder
Aim: Grinder (63% to hit)
You throw a poisoned dart.
The poisoned dart barely misses Grinder.
The poisoned dart hits the orc wizard.
The orc wizard looks even sicker.
The ball python hisses angrily.
You closely miss Grinder. Grinder hits you!
You die...

# #. #.#### #....#
####..#.####.#
.............#
......#.############
.....(..Soo5@........
#.....#.#######.....#
#.....#†####..<.....+
##### #......## ....#
##......#...o.#
#......#...o.#
#......'...o.#
#......######
####......#######.


You could see Grinder, an orc wizard (invisible, very poisoned), an orc and a
ball python.

Vanquished Creatures
  4 adders (D:3)
  7 endoplasms
  2 giant cockroaches
  6 goblins
  5 hobgoblins
  4 jackals (D:2)
  2 quokkas (D:1)
  2 ball pythons
  6 bats
  4 frilled lizards (D:1)
  6 kobolds
  5 rats
53 creatures vanquished.

Notes
Turn   | Place    | Note
-------+----------+-------------------------------------------
     0 | D:1      | styxcanada the Spriggan Brigand began the quest for the
                  | Orb.
     0 | D:1      | Reached XP level 1. HP: 10/10 MP: 2/2
    32 | D:1      | Reached skill level 6 in Stealth
    84 | D:1      | Found a faded altar of an unknown god.
   152 | D:1      | Reached XP level 2. HP: 12/15 MP: 3/3
   605 | D:1      | Reached skill level 7 in Stealth
  1043 | D:2      | Reached XP level 3. HP: 18/18 MP: 4/4
  1870 | D:3      | Reached XP level 4. HP: 19/23 MP: 5/5
  2041 | D:3      | Found a glowing silver altar of Zin.
  2221 | D:3      | Noticed Grinder
  2223 | D:3      | Paralysed by Grinder for 3 turns
  2238 | D:3      | Slain by Grinder

Illustrated notes

Levels and vault maps discovered:
D:1:      dpeg_arrival_solitude, layout_loops_ring,
          hellmonk_ecumenical_altar_crossroads, corner_web_ring
D:2:      layout_basic, grunt_ministairs_10, st_stairs_5, minmay_misc_feat_doors
D:3:      layout_basic, zin_academy, demons_altar, uniq_grinder

Skill      XL: |  1  2  3  4 |
---------------+-------------+-----
Stealth        | 6 7 |  7.9
Fighting       | 2 |  2.0
Dodging        | 2 |  2.0
Short Blades   | |  2.7
Throwing       | |  2.1

Action                   |  1- 3 |  4- 6 || total
-------------------------+-------+-------++-------
Melee: Dagger            |   109 |    25 ||   134
       Punch             |     1 |       ||     1
Throw: Dart              |     9 |    10 ||    19
  Use: Scroll            |     1 |       ||     1
       Potion            |       |     1 ||     1
 Stab: Sleeping          |    10 |     2 ||    12
       Distracted        |     1 |       ||     1
Armor: Robe              |    16 |     5 ||    21
Dodge: Dodged            |    77 |    15 ||    92
